 Dungeon Crawl Stone Soup version 0.24-a0-291-g79c1ce788c (webtiles) character file.

Game seed: 16345829732873087518

439 Redear the Ducker (level 6, -8/29 HPs)
             Began as a Felid Chaos Knight on May 9, 2019.
             Was a Plaything of Xom.
             Mangled by an ogre
             ... wielding a +0 giant club
              (20 damage)
             ... on level 5 of the Dungeon.
             The game lasted 00:06:52 (4938 turns).

Redear the Ducker (Felid Chaos Knight)              Turns: 4938, Time: 00:06:52

Health: -8/29      AC:  2    Str:  9 (10) XL:     6   Next: 70%
Magic:  7/7        EV: 21    Int: 12 (13) God:    Xom [..*...]
Gold:   153        SH:  0    Dex: 16      Spells: 5/5 levels left
                                        Lives:  0   Deaths: 1

rFire    . . .     SeeInvis +     - Unarmed
rCold    . . .     Gourm    .   (shield unavailable)
rNeg     . . .     Faith    .   (armour unavailable)
rPois    .         Spirit   .   (helmet unavailable)
rElec    .         Reflect  .   (cloak unavailable)
rCorr    .         Harm     .   (gloves unavailable)
MR       .....                  (boots unavailable)
Stlth    ++........             (no amulet)
HPRegen  0.09/turn              (no ring)
MPRegen  0.10/turn              (no ring)

@: confused, very slightly contaminated, quick
A: very small, no armour, no weapons or thrown items, stealth, claws 1, fangs 3,
see invisible, carnivore, deterioration 2, speed 1, screaming 1, shaggy fur 2,
slow metabolism 1, sharp paws
a: Renounce Religion


You were on level 5 of the Dungeon.
You worshipped Xom.
You were a toy of Xom.
You were not hungry.

You visited 1 branch of the dungeon, and saw 5 of its levels.

You collected 153 gold pieces.

Inventory:

Jewellery
 n - an uncursed ring of fire {unknown}
Wands
 c - a wand of polymorph (6)
Scrolls
 a - a scroll of enchant armour {unknown}
 b - 8 scrolls of teleportation {unknown}
 d - 3 scrolls of amnesia {unknown}
 e - 4 scrolls of immolation {unknown}
 h - 3 scrolls of identify {unknown}
 i - 2 scrolls of random uselessness {unknown}
 j - a scroll of fog {unknown}
 l - 2 scrolls of remove curse {unknown}
 m - 2 scrolls of blinking {unknown}
Potions
 f - a potion of berserk rage {unknown}
 g - a potion of degeneration {unknown}
 Q - 2 potions of curing {@q2}
Comestibles
 z - 11 rations


   Skills:
 + Level 4.7 Fighting
 + Level 5.7 Dodging
 + Level 5.1 Stealth
 + Level 4.7 Unarmed Combat


You had 5 spell levels left.
You didn't know any spells.
Your spell library was empty.

Dungeon Overview and Level Annotations

Branches:
Dungeon (5/15)             Temple (0/1) D:4

Altars:


Innate Abilities, Weirdness & Mutations

You cannot wear armour.
You are incapable of wielding weapons or throwing items.
Your paws allow you to move quietly. (Stealth)
You have sharp claws.
You have razor-sharp teeth.
You have supernaturally acute eyesight. (SInv)
You are carnivorous and can eat meat at any time.
You cover ground quickly.
You are covered in thick fur. (AC +2)
You have a slow metabolism.
Your sharp claws are effective at attacking unaware monsters.
Your body often deteriorates upon taking damage.
You occasionally shout uncontrollably at your foes.


Message History

Unknown command.
Unknown command.
You scratch the ogre.
The ogre is severely wounded.
Xom's power touches on your mind for a moment.
You are confused.
The ogre looks rather confused.
The ogre misses you.
You scratch the ogre but do no damage.
The ogre is severely wounded. "This might be better!"
The ogre is moving more slowly.
You bump into the rock wall.
Unknown command.
You claw the ogre!
The ogre is severely wounded.
The ogre seems less confused.
The ogre hits you with a +0 giant club!!
Ouch! That really hurt!
You die...
Xom giggles madly!

###...........# #...#
#...........# ##..##
##..........# ##...#
###........#####...###
##...........#.....#
###..######....#...
#..## ####..#.. #..#
##.... #@## ###.. ##O#
##. #..# ## #..# #
#..# ##..# #...#
##...# ##### #....#
##....


You could see an ogre (petrifying).

Vanquished Creatures
  An ogre (D:4)
  A big kobold (D:4)
  A howler monkey (D:4)
  A crimson imp (D:5)
  A jelly (D:3)
  A hound (D:3)
  An iguana (D:5)
  A worker ant (D:5)
  6 adders
  3 gnolls (D:3)
  An ooze (D:1)
  2 adder skeletons
  3 worms
  3 dart slugs
  2 leopard geckos
  An orc (D:2)
  4 ball pythons (D:2)
  9 bats
  8 giant cockroaches
  7 goblins
  11 hobgoblins
  4 jackals
  10 frilled lizards
  10 kobolds
  A leopard gecko skeleton (D:2)
  9 rats
102 creatures vanquished.

Vanquished Creatures (others)
  A hound (D:5)
  A quokka (D:5)
  4 toadstools (D:1)
6 creatures vanquished.

Grand Total: 108 creatures vanquished

Notes
Turn   | Place    | Note
-------+----------+-------------------------------------------
     0 | D:1      | Redear the Felid Chaos Knight began the quest for the Orb.
     0 | D:1      | Reached XP level 1. HP: 10/10 MP: 2/2
    92 | D:1      | Reached skill level 1 in Stealth
    95 | D:1      | Reached XP level 2. HP: 13/14 MP: 3/3
   415 | D:1      | Reached XP level 3. HP: 13/17 MP: 4/4
   545 | D:1      | Reached skill level 2 in Stealth
  1005 | D:2      | Reached skill level 4 in Dodging
  1172 | D:2      | Reached XP level 4. HP: 14/21 MP: 5/5
  1574 | D:2      | XOM: harmless Conj miscast
  1810 | D:2      | XOM is BORED!
  1810 | D:2      | XOM: medium Erth miscast
  1835 | D:2      | XOM: harmless Tloc miscast
  1835 | D:2      | HP: 2/21 [hobgoblin (5)]
  2222 | D:2      | XOM: divination: detect items
  2296 | D:2      | XOM: harmless Air miscast
  2529 | D:3      | XOM: butterfly on damage
  2759 | D:3      | Reached skill level 3 in Stealth
  2759 | D:3      | Reached XP level 5. HP: 25/25 MP: 6/6
  2770 | D:3      | XOM: confuse monster(s)
  2778 | D:3      | XOM: harmless Chrm miscast
  2828 | D:3      | XOM: 7-stop teleportation journey
  2830 | D:3      | XOM: cloud trail
  2886 | D:3      | Reached skill level 4 in Fighting
  2886 | D:3      | Reached skill level 4 in Unarmed Combat
  2890 | D:3      | XOM: cast spell 'Metabolic Englaciation'
  2894 | D:3      | Mangled by a gnoll
  2895 | D:3      | Reached XP level 4. HP: -10/22 MP: 5/5
  3445 | D:4      | HP: 2/22 [howler monkey (7)]
  3451 | D:4      | Reached skill level 5 in Dodging
  3451 | D:4      | Reached skill level 4 in Stealth
  3451 | D:4      | Reached XP level 5. HP: 11/25 MP: 6/6
  3465 | D:4      | Noticed an ogre
  3498 | D:4      | Found a staircase to the Ecumenical Temple.
  3612 | D:4      | XOM: give mutations
  3612 | D:4      | Gained mutation: Your body sometimes deteriorates upon
                  | taking damage. [Xom's mischief]
  3612 | D:4      | Gained mutation: Your body often deteriorates upon taking
                  | damage. [Xom's mischief]
  3612 | D:4      | Gained mutation: You occasionally shout uncontrollably at
                  | your foes. [Xom's mischief]
  3635 | D:4      | XOM: summons 4 friendly demons
  3638 | D:4      | Killed an ogre
  3941 | D:4      | XOM: 1-stop teleportation journey
  3994 | D:4      | XOM: enchant monster (bad)
  4007 | D:4      | Gained mutation: You are covered in thick fur. (AC +2)
                  | [Felid growth]
  4007 | D:4      | Reached XP level 6. HP: 14/29 MP: 7/7
  4158 | D:4      | XOM: harmless Pois miscast
  4480 | D:4      | XOM: medium Tloc miscast
  4480 | D:4      | XOM: smoke on damage
  4550 | D:4      | XOM: god gift: 15 arrows
  4690 | D:5      | Entered Level 5 of the Dungeon
  4751 | D:5      | XOM: potion effect (invisibility)
  4754 | D:5      | Reached skill level 5 in Stealth
  4935 | D:5      | XOM: confusion (+ monsters)
  4936 | D:5      | XOM: enchant monster (good)
  4938 | D:5      | Mangled by an ogre

Levels and vault maps discovered:
D:1:      ldierk_walled_garden_2, layout_basic, due_unseen_surprise
D:2:      minmay_thinvault, layout_basic
D:3:      layout_basic
D:4:      layout_basic, minmay_temple_entry_glass, first_ration
D:5:      layout_cave_pods, fiery_altar_vehumet, kennysheep_generic_room_7

Skill      XL: |  1  2  3  4  5  6 |
---------------+-------------------+-----
Stealth        | 1 2 4 5 |  5.1
Dodging        | 4 5 |  5.7
Fighting       | 4 |  4.7
Unarmed Combat | 4 |  4.7

Action                   |  1- 3 |  4- 6 || total
-------------------------+-------+-------++-------
Melee: Unarmed           |   110 |   206 ||   316
       Bite              |    10 |    12 ||    22
       Punch             |       |     4 ||     4
Evoke: Wand              |       |     2 ||     2
  Use: Potion            |       |     2 ||     2
 Stab: Sleeping          |     5 |    12 ||    17
       Confused          |       |     1 ||     1
       Invisible         |       |     2 ||     2
  Eat: Chunk             |       |     4 ||     4
Armor: Skin              |     5 |     3 ||     8
Dodge: Dodged            |    78 |   126 ||   204

Table legend:
 A = Non-vault XP
 B = Vault XP
 C = Vault XP percentage of total XP
 D = Non-vault monster count
 E = Vault monster count
 F = Vault count percentage of total count
                 A         B        C        D         E       F
            +---------+---------+-------+---------+---------+-------
      Total |     732 |      31 |   4.1 |      86 |      16 |  15.7
            +---------+---------+-------+---------+---------+-------
        D:1 |      61 |       0 |   0.0 |      31 |       0 |   0.0
        D:2 |      59 |      31 |  34.4 |      21 |      16 |  43.2
        D:3 |     171 |       0 |   0.0 |      17 |       0 |   0.0
        D:4 |     294 |       0 |   0.0 |      10 |       0 |   0.0
        D:5 |     147 |       0 |   0.0 |       7 |       0 |   0.0
            +---------+---------+-------+---------+---------+-------
